 Dungeon Crawl Stone Soup version 0.29.1 (webtiles) character file.

Game seed: 536342104960307012

3 ragingrage the Chucker (level 1, 0/15 HPs)
             Began as a Demonspawn Wanderer on Sept 14, 2022.
             Slain by a jackal (2 damage)
             ... on level 1 of the Dungeon.
             The game lasted 00:00:24 (108 turns).

ragingrage the Chucker (Demonspawn Wanderer)         Turns: 108, Time: 00:00:25

Health: 0/15       AC:  3    Str: 11    XL:     1   Next: 41%
Magic:  1/1        EV: 12    Int: 12    God:
Gold:   34         SH:  0    Dex: 14    Spells: 0/0 levels left

rFire   . . .      SeeInvis .   a - +0 mace
rCold   . . .      Faith    .   (no shield)
rNeg    . . .      Spirit   .   c - +0 leather armour
rPois   .          Reflect  .   (no helmet)
rElec   .          Harm     .   (no cloak)
rCorr   .          Rampage  .   (no gloves)
Will    .....                   (no boots)
Stlth   +.........              (no amulet)
HPRegen 0.05/turn               (no ring)
MPRegen 0.07/turn               (no ring)

@: no status effects
A: no striking features
a: no special abilities


You were on level 1 of the Dungeon.
You visited 1 branch of the dungeon, and saw 1 of its levels.

You collected 34 gold pieces.

Inventory:

Hand Weapons
 a - a +0 mace (weapon)
 e - a +0 dagger
Missiles
 b - 3 throwing nets
 d - 8 poisoned darts (quivered)
Armour
 c - a +0 leather armour (worn)
Potions
 f - a potion of heal wounds


   Skills:
 - Level 1.0 Fighting
 + Level 1.4 Maces & Flails
 - Level 3.6 Throwing
 - Level 2.6 Dodging
 - Level 1.0 Evocations


You couldn't memorise any spells.
You didn't know any spells.
Your spell library was empty.

Dungeon Overview and Level Annotations

Branches:
Dungeon (1/15)

Altars:


Message History

The jackal barely misses you. The jackal closely misses you.
You closely miss the jackal. The jackal bites you. x2
You are too injured to fight recklessly!
You barely miss the jackal. The jackal closely misses you.
You are too injured to fight recklessly!
The jackal attacks as you move away!
The jackal bites you but does no damage.
An endoplasm comes into view.
The jackal bites you but does no damage.
The endoplasm moves out of view.
The endoplasm quivers.
The jackal misses you.
You barely miss the jackal. The jackal barely misses you.
The jackal attacks as you move away! The jackal closely misses you.
The jackal bites you but does no damage.
You hit the jackal but do no damage.
The jackal bites you but does no damage. x2
You completely miss the jackal. The jackal barely misses you.
The jackal closely misses you.
The endoplasm jiggles.
You hit the jackal but do no damage. The jackal misses you.
The jackal bites you but does no damage.
You closely miss the jackal. The jackal barely misses you.
The jackal bites you.
You hit the jackal but do no damage. The jackal bites you.
* * * LOW HITPOINT WARNING * * *
Okay, then.
You aren't carrying any scrolls.
Unknown command.
You aren't carrying any items that you can evoke.
Unknown command.
Throw: 9 darts (poison)
Press: ? - help, Q - select action, (/) - cycle Shift-Dir - straight line, f/p - jackal
Aim: a jackal (51% to hit)
You throw a poisoned dart. The poisoned dart hits the jackal.
The jackal is poisoned.
The jackal bites you.
* * * LOW HITPOINT WARNING * * *
The jackal bites you.
You die...

##.##.. #.#
##...##..#.##
##..#..##.#..#
##..###..##.†.## ##...#
##(.##...####
...#....#####..#.#..†.#
.................####.#
.########.###h#### #)#
###...@.### #..
#........# #.##
#....####..##... #....#
#...#..# #.... ##..##.#
...... #...#.# .
.......# ##....#... ...
#....##.........
##........###...


You could see a jackal (poisoned).

Vanquished Creatures
  A giant cockroach (D:1)
  A jackal (D:1)
  A ball python (D:1)
3 creatures vanquished.

Notes
Turn   | Place    | Note
-------+----------+-------------------------------------------
     0 | D:1      | ragingrage the Demonspawn Wanderer began the quest for the
                  | Orb.
     0 | D:1      | ragingrage set off with the following items: a +0 mace, 3
                  | throwing nets, a +0 leather armour, 9 poisoned darts, a +0
                  | dagger, a potion of heal wounds.
     0 | D:1      | Reached XP level 1. HP: 15/15 MP: 1/1
   108 | D:1      | Slain by a jackal

Illustrated notes

Levels and vault maps discovered:
D:1:      dpeg_arrival_arbitrary_b, layout_loops_ring,
          shapermc_ecumenical_altar_mp_urbaneastern, minmay_parallelograms

Action                   || total
-------------------------++-------
Melee: Mace              ||    16
Throw: Dart              ||     1
Armor: Leather armour    ||     7
Dodge: Dodged            ||    18
